 Dungeon Crawl Stone Soup version 0.31-a0-996-g3b49de5836 (webtiles) character file.

Game seed: 9483436190933367140

378 happy2pester the Ruffian (level 6, 0/47 HPs)
             Began as a Gnoll Shapeshifter on Nov 7, 2023.
             Slain by an ogre
             ... wielding a +0 giant club
              (29 damage)
             ... on level 4 of the Dungeon.
             The game lasted 00:05:59 (2287 turns).

happy2pester the Ruffian (Gnoll Shapeshifter)       Turns: 2287, Time: 00:05:59

Health: 0/47       AC:  5    Str: 22    XL:     6   Next: 74%
Magic:  9/9        EV: 12    Int:  9    God:
Gold:   101        SH:  0    Dex: 11    Spells: 9/9 levels left

rFire   . .          .
                       - Unarmed
rCold   . . .        (no shield)
rNeg    + + .        k - +0 ring mail of Ipinkuaj {Rampage +Inv rPois rN++}
rPois   +            (helmet currently unavailable)
rElec   .            (cloak currently unavailable)
rCorr   .            (gloves currently unavailable)
SInv    .            (boots currently unavailable)
Will    .....        (no amulet)
Stlth   +            g - +6 ring of strength
HPRegen 0.27/turn    (no ring)
MPRegen 0.11/turn

%: rampage
@: beast-form
A: beast (slay +3), fangs 1, strong nose, distributed training
a: Begin Untransformation, Evoke Invisibility


You were on level 4 of the Dungeon.
You were a hulking beast.
You visited 1 branch of the dungeon, and saw 4 of its levels.

You collected 101 gold pieces.

Inventory:

Armour
 a - a +2 animal skin
 k - the +0 ring mail of Ipinkuaj (worn) {Rampage +Inv rPois rN++}
   (You took it off a kobold on level 2 of the Dungeon)

   rPois:     It protects you from poison rN++: It greatly protects you from
   negative energy.
   +Inv:      It lets you turn invisible.
   Rampage:   It bestows one free step when moving towards enemies.
Jewellery
 g - a +6 ring of strength (left hand)
Talismans
 c - a beast talisman
 d - a flux talisman
 e - a serpent talisman
Wands
 i - a wand of flame (19)
Scrolls
 f - 3 scrolls of fog
 h - a scroll of enchant weapon
 l - 2 scrolls of noise
 m - a scroll of brand weapon
 p - a scroll of teleportation
Potions
 b - 2 potions of lignification
 j - a potion of heal wounds
 n - a potion of brilliance
 o - 2 potions of degeneration {unknown}
 q - a potion of curing


   Skills:
 + Level 3.3 Fighting
 + Level 2.1 Short Blades
 + Level 2.1 Long Blades
 + Level 2.1 Axes
 + Level 2.1 Maces & Flails
 + Level 2.1 Polearms
 + Level 2.1 Staves
 + Level 2.1 Ranged Weapons
 + Level 2.1 Throwing
 + Level 2.1 Armour
 + Level 5.0 Dodging
 + Level 2.1 Stealth
 + Level 2.1 Shields
 + Level 6.9 Unarmed Combat
 + Level 2.1 Spellcasting
 + Level 1.7 Conjurations
 + Level 1.7 Hexes
 + Level 1.7 Summonings
 + Level 1.7 Necromancy
 + Level 1.7 Translocations
 + Level 1.7 Transmutations
 + Level 1.7 Fire Magic
 + Level 1.7 Ice Magic
 + Level 1.7 Air Magic
 + Level 1.7 Earth Magic
 + Level 1.7 Poison Magic
 + Level 2.3 Invocations
 + Level 2.1 Evocations
 + Level 6.8 Shapeshifting


You had 9 spell levels left.
You didn't know any spells.
Your spell library was empty.

Dungeon Overview and Level Annotations

Branches:
Dungeon (4/15)
 Temple: D:4-7

Altars:
Hepliaklqana

Shops:
D:2 [


Innate Abilities, Weirdness & Mutations

You are a hulking beast.
Your limbs bulge with bestial killing power. (Slay +3)
You have very sharp teeth.
Your uncanny sense of smell can sniff out nearby items.
Your experience applies equally to all skills.


Message History

You barely miss the hound.
The hound is almost dead.
The hound bites you but does no damage.
You hit the hound.
The hound is almost dead.
The hound barely misses you. The hound bites you.
You hit the hound.
You kill the hound!
No target in view!
g - a +6 ring of strength
o - 2 metallic ruby potions
Things that are here:
a hound corpse; a hound corpse
q - a potion of curing You feel stronger.
g - a +6 ring of strength (left hand)
You hear the rusting of a very distant drain.
Found a stone staircase leading up.
Things that are here:
a hound corpse; a hound corpse You hear the brisk rusting of a distant drain.
An ogre comes into view. It is wielding a +0 giant club.
You rampage towards the ogre!
You barely miss the ogre.
The ogre shouts!
Your punch misses the ogre.
The ogre hits you with a +0 giant club!!
You barely miss the ogre. You hit the ogre.
The ogre is lightly wounded.
The ogre closely misses you.
You hit the ogre.
The ogre is lightly wounded.
You punch the ogre! You bite the ogre.
The ogre is heavily wounded.
The ogre closely misses you.
You hit the ogre.
The ogre is heavily wounded.
The ogre hits you with a +0 giant club!!
Ouch! That really hurt!
You die...

....# ..# ###.# #.# #
#.# #.# #<..# #.# #####
#.# #...#.# #.# #.#.#.#
#####$#############
#.#.#.#
####..................
..#.#.#
##....hO#.#######......
###.#.#####.......#.#
#.#####
....#.#...........#.#
#.#....
#####.#.####......#.#
#.#....
...........+......'.#
#.#####
#####.#.####......###
#'# #.#.# ######## .(.
#.#.# #.#>#


You could see an ogre.

Vanquished Creatures
  Grinder (D:4)
  3 hounds (D:4)
  An iguana (D:4)
  3 adders (D:3)
  A dart slug (D:2)
  6 endoplasms
  A giant cockroach (D:2)
  2 goblins (D:2)
  2 hobgoblins
  6 jackals
  A quokka (D:4)
  3 ball pythons
  3 bats
  6 frilled lizards
  7 kobolds
  3 rats
49 creatures vanquished.

Notes
Turn   | Place    | Note
-------+----------+-------------------------------------------
     0 | D:1      | happy2pester the Gnoll Shapeshifter began the quest for the
                  | Orb.
     0 | D:1      | Reached XP level 1. HP: 17/17 MP: 1/1
   365 | D:1      | Reached XP level 2. HP: 20/23 MP: 2/2
  1059 | D:2      | Found Ehekuop's Armour Boutique.
  1062 | D:2      | Found a hazy altar of Hepliaklqana.
  1079 | D:2      | Identified the +0 ring mail of Ipinkuaj {Rampage +Inv rPois
                  | rN++}
  1132 | D:2      | Reached XP level 3. HP: 28/28 MP: 3/3
  1337 | D:2      | Reached skill level 1 in Invocations
  1631 | D:3      | Reached skill level 1 in Short Blades
  1631 | D:3      | Reached skill level 1 in Long Blades
  1631 | D:3      | Reached skill level 1 in Axes
  1631 | D:3      | Reached skill level 1 in Maces & Flails
  1631 | D:3      | Reached skill level 1 in Polearms
  1631 | D:3      | Reached skill level 1 in Staves
  1631 | D:3      | Reached skill level 1 in Ranged Weapons
  1631 | D:3      | Reached skill level 1 in Throwing
  1631 | D:3      | Reached skill level 1 in Armour
  1631 | D:3      | Reached skill level 1 in Stealth
  1631 | D:3      | Reached skill level 1 in Shields
  1631 | D:3      | Reached skill level 1 in Spellcasting
  1631 | D:3      | Reached skill level 1 in Evocations
  1645 | D:3      | Reached XP level 4. HP: 26/33 MP: 5/5
  2006 | D:4      | Reached skill level 1 in Conjurations
  2006 | D:4      | Reached skill level 1 in Hexes
  2006 | D:4      | Reached skill level 1 in Summonings
  2006 | D:4      | Reached skill level 1 in Necromancy
  2006 | D:4      | Reached skill level 1 in Translocations
  2006 | D:4      | Reached skill level 1 in Transmutations
  2006 | D:4      | Reached skill level 1 in Fire Magic
  2006 | D:4      | Reached skill level 1 in Ice Magic
  2006 | D:4      | Reached skill level 1 in Air Magic
  2006 | D:4      | Reached skill level 1 in Earth Magic
  2006 | D:4      | Reached skill level 1 in Poison Magic
  2072 | D:4      | Noticed Grinder
  2088 | D:4      | Killed Grinder
  2089 | D:4      | Reached skill level 5 in Dodging
  2089 | D:4      | Reached XP level 5. HP: 23/41 MP: 5/8
  2089 | D:4      | Reached XP level 6. HP: 26/47 MP: 5/9
  2287 | D:4      | Slain by an ogre

Illustrated notes

Levels and vault maps discovered:
D:1:      dpeg_arrival_rooms_c, layout_basic
D:2:      layout_rooms, serial_shops, shop, basic_altar
D:3:      layout_rooms, hex_intersection
D:4:      layout_basic, gup_sewer_entry_spiral, uniq_grinder

Skill      XL: |  1  2  3  4 |
---------------+-------------+-----
Invocations    | 1 2 |  2.3
Short Blades   | 1 2 |  2.1
Long Blades    | 1 2 |  2.1
Axes           | 1 2 |  2.1
Maces & Flails | 1 2 |  2.1
Polearms       | 1 2 |  2.1
Staves         | 1 2 |  2.1
Ranged Weapons | 1 2 |  2.1
Throwing       | 1 2 |  2.1
Armour         | 1 2 |  2.1
Stealth        | 1 2 |  2.1
Shields        | 1 2 |  2.1
Spellcasting   | 1 2 |  2.1
Evocations     | 1 2 |  2.1
Conjurations   | 1 |  1.7
Hexes          | 1 |  1.7
Summonings     | 1 |  1.7
Necromancy     | 1 |  1.7
Translocations | 1 |  1.7
Transmutations | 1 |  1.7
Fire Magic     | 1 |  1.7
Ice Magic      | 1 |  1.7
Air Magic      | 1 |  1.7
Earth Magic    | 1 |  1.7
Poison Magic   | 1 |  1.7
Fighting       | 3 |  3.3
Dodging        | 5 |  5.0
Unarmed Combat | |  6.9
Shapeshifting  | |  6.8

Action                     |  1- 3 |  4- 6 || total
---------------------------+-------+-------++-------
  Melee: Unarmed           |    82 |    50 ||   132
         Bite              |     4 |     9 ||    13
         Punch             |     1 |     2 ||     3
Ability: Evoke Invisibilit |     1 |       ||     1
    Use: Scroll            |     9 |     2 ||    11
         Potion            |     3 |     1 ||     4
   Stab: Sleeping          |     1 |       ||     1
 Armour: Animal skin       |    19 |       ||    19
         Ring mail         |    12 |    20 ||    32
  Dodge: Dodged            |    48 |    27 ||    75

Table legend: (Time is in decaauts)
 A = Elapsed time spent in this place.
 B = Non-inter-level travel time spent in this place.
 C = Inter-level travel time spent in this place.
 D = Time resting spent in this place.
 E = Time spent auto-exploring this place.
 F = Levels seen in this place.
 G = Mean time per level.
                   A        B        C        D        E       F      G
               +--------+--------+--------+--------+--------+-----+--------+
         Total |   2269 |   2039 |    230 |      0 |   1636 |   4 |  567.2 |
       Dungeon |   2269 |   2039 |    230 |      0 |   1636 |   4 |  567.2 |
               +--------+--------+--------+--------+--------+-----+--------+

Top non-repeatable levels by time:
     D:1: 937 daAuts
     D:3: 539 daAuts
     D:2: 462 daAuts
     D:4: 330 daAuts
